[Event "Titled Tuesday Blitz November 15 Late 2022"]
[White "Kuzmicz, Krystian"]
[Black "Eljanov, Pavel"]
[WhiteFideId "1119125"]
[BlackFideId "14102951"]
[WhiteElo "2380"]
[BlackElo "2601"]
[Result "0-1"]
[Round "10"]
[TimeControl "180+1"]
[Date "2022.11.15"]
[WhiteClock "0:00:04"]
[BlackClock "0:00:13"]

1. e4 e5 2. Nf3 Nc6 3. Nc3 Nf6 4. a3 h6 5. d4 exd4 6. Nxd4 Bc5 7. Be3 Bb6 8. Bc4 O-O 9. O-O Re8 10. Re1 d6 11. f3 d5 12. Bb5 Bd7 13. Bxc6 bxc6 14. Bf2 dxe4 15. Nxe4 Nxe4 16. Rxe4 Rxe4 17. fxe4 Qf6 18. c3 Re8 19. Nf3 Bg4 20. h3 Bh5 21. Qd3 Rd8 22. Qe2 Bxf3 23. Qxf3 Qxf3 24. gxf3 Rd2 25. Bxb6 cxb6 26. b4 Rd3 27. Kf2 Rxc3 28. Kg3 g5 29. Kg4 Kg7 30. a4 Rc4 31. b5 c5 32. Kf5 Rc3 33. Kg4 Kg6 34. Rd1 h5+ 35. Kg3 Ra3 36. Rd6+ Kg7 37. Rd5 c4 38. Rxg5+ Kf6 39. Rxh5 c3 40. Rh8 Rxa4 41. Rc8 Rb4 42. Rxc3 Rxb5 43. Kf4 a5 44. Rc6+ Kg7 45. e5 a4 46. Rc7 a3 47. Rc1 Ra5 48. Ke4 b5 49. Kd4 a2 50. Ra1 Kg6 51. Kc3 Kf5 52. Kb4 Ra8 53. Kxb5 Kxe5 54. Kb4 Kf4 55. Kb3 Kxf3 56. Kb2 Kg2 57. h4 f5 58. h5 f4 59. Rxa2 Rh8 60. Kc3+ Kg3 61. Ra5 f3 62. Kd3 f2 63. Rf5 Rd8+ 64. Ke4 Re8+ 65. Kd5 Re1 66. h6 f1=Q 67. Rxf1 Rxf1 0-1


[Site "https://www.chess.com"]

[Event "Titled Tuesday Blitz November 15 Late 2022"]
[White "Li, Xueyi"]
[Black "Quirke, Jeffrey"]
[WhiteFideId "8605912"]
[BlackFideId "2013029"]
[WhiteElo "2197"]
[BlackElo "2233"]
[Result "0-1"]
[Round "10"]
[TimeControl "180+1"]
[Date "2022.11.16"]
[WhiteClock "0:01:08"]
[BlackClock "0:01:03"]

1. d4 d5 2. c4 c6 3. Nf3 Nf6 4. g3 Bg4 5. Bg2 e6 6. Ne5 Bh5 7. Qb3 Qb6 8. c5 Qxb3 9. axb3 Nbd7 10. Nxd7 Kxd7 11. b4 a6 12. Nc3 Re8 13. Bf4 Kc8 14. O-O Nd7 15. b5 e5 16. bxa6 bxa6 17. dxe5 Nxe5 18. Rxa6 Kb7 19. Rfa1 Bxc5 20. Nxd5 Bxe2 21. R6a5 Nd3 22. b4 Bxf2+ 23. Kh1 Bd4 24. h4 Bxa1 25. Rxa1 Nxf4 26. Nxf4 Bb5 27. Rd1 Rd8 28. Re1 Rhe8 0-1


[Site "https://www.chess.com"]

[Event "Titled Tuesday Blitz November 15 Late 2022"]
[White "Liu, Kelsey"]
[Black "Arbunic Castro, Giovanna"]
[WhiteFideId "30944481"]
[BlackFideId "3400549"]
[WhiteElo "2295"]
[BlackElo "1965"]
[Result "1-0"]
[Round "10"]
[TimeControl "180+1"]
[Date "2022.11.16"]
[WhiteClock "0:00:43"]
[BlackClock "0:00:03"]

1. e4 g6 2. d4 Bg7 3. Nf3 c5 4. c3 d5 5. e5 cxd4 6. cxd4 Nc6 7. Nc3 Nh6 8. Bb5 O-O 9. O-O Bg4 10. Be3 Nf5 11. Be2 e6 12. Qd2 Qb6 13. Rfd1 f6 14. Na4 Qd8 15. Nc5 Qe7 16. h3 Bxf3 17. Bxf3 Kh8 18. exf6 Qxf6 19. Bg5 Qxd4 20. Nxe6 Qxd2 21. Rxd2 Rfe8 22. Nc7 Re5 23. Nxa8 Nfd4 24. Bf4 Rf5 25. Bg3 Rxf3 26. Rxd4 Rxg3 27. Rxd5 Bxb2 28. Rb1 1-0


[Site "https://www.chess.com"]

[Event "Titled Tuesday Blitz November 15 Late 2022"]
[White "Makridis, Dimitrios"]
[Black "Barria Zuniga, Daniel"]
[WhiteFideId "25864475"]
[BlackFideId "3400816"]
[WhiteElo "2272"]
[BlackElo "2414"]
[Result "1-0"]
[Round "10"]
[TimeControl "180+1"]
[Date "2022.11.15"]
[WhiteClock "0:00:15"]
[BlackClock "0:00:06"]

1. e4 c5 2. Nf3 Nc6 3. Bb5 a6 4. Bxc6 bxc6 5. O-O e6 6. c3 d5 7. Re1 Nf6 8. e5 Nd7 9. d3 a5 10. c4 Be7 11. Bf4 g5 12. Bg3 h5 13. h3 a4 14. Nc3 a3 15. b3 Nf8 16. Rc1 Ng6 17. cxd5 cxd5 18. Nb5 h4 19. Bh2 g4 20. hxg4 h3 21. Nd6+ Bxd6 22. exd6 hxg2 23. Rxc5 d4 24. Rc7 Rxh2 25. Nxh2 Qxd6 26. Rxf7 Kxf7 27. Qf3+ Nf4 28. Qxa8 Bd7 29. Nf3 Bc6 30. Qa7+ Kf6 31. Qxd4+ Qxd4 32. Nxd4 Nh3+ 33. Kh2 g1=Q+ 34. Rxg1 Nxg1 35. Kxg1 Be4 36. dxe4 Ke5 37. Nc2 Kxe4 38. Nxa3 1-0


[Site "https://www.chess.com"]

[Event "Titled Tuesday Blitz November 15 Late 2022"]
[White "Marcolino, Daniel Mattos"]
[Black "Young, Ryan"]
[WhiteFideId "2106841"]
[BlackFideId "2049945"]
[WhiteElo "2093"]
[BlackElo "2274"]
[Result "0-1"]
[Round "10"]
[TimeControl "180+1"]
[Date "2022.11.16"]
[WhiteClock "0:00:01"]
[BlackClock "0:00:16"]

1. e4 e5 2. Nf3 d5 3. Nxe5 Bd6 4. d4 dxe4 5. Bc4 Bxe5 6. dxe5 Qxd1+ 7. Kxd1 Bg4+ 8. Be2 Bf5 9. g4 Bg6 10. h4 h6 11. Nc3 Nc6 12. Bb5 O-O-O+ 13. Ke2 Nxe5 14. Rg1 Ne7 15. Bf4 Nxg4 16. Rxg4 Bh5 17. Nxe4 Bxg4+ 18. f3 Bf5 19. a4 Bxe4 20. fxe4 Ng6 21. Bg3 c6 22. Bc4 Rhf8 23. Rf1 Nh8 24. Be5 f6 25. Be6+ Rd7 26. Bxd7+ Kxd7 27. Bd4 Re8 28. Kf3 b6 29. a5 c5 30. Bc3 Kc6 31. axb6 axb6 32. Rg1 Re7 33. h5 Nf7 34. Kf4 Ng5 35. Re1 Re6 36. e5 fxe5+ 37. Bxe5 Nf7 38. Re3 g6 39. hxg6 Rxg6 40. Bc3 Nd6 41. Kf3 Rg5 42. Re6 Rf5+ 43. Kg4 h5+ 44. Kg3 Rd5 45. Rh6 b5 0-1


[Site "https://www.chess.com"]

[Event "Titled Tuesday Blitz November 15 Late 2022"]
[White "Megalios, Konstantinos"]
[Black "Artemenko, Oleg"]
[WhiteFideId "4238044"]
[BlackFideId "14201798"]
[WhiteElo "2277"]
[BlackElo "2287"]
[Result "1-0"]
[Round "10"]
[TimeControl "180+1"]
[Date "2022.11.16"]
[WhiteClock "0:01:10"]
[BlackClock "0:01:56"]

1. e4 g5 2. d4 h6 3. h4 gxh4 4. Qh5 Nf6 5. Qxh4 Rg8 6. f3 c5 7. dxc5 Nc6 8. Nc3 d6 9. Be3 Be6 10. O-O-O Qa5 11. a3 dxc5 12. Nh3 Bxh3 13. Qxh3 e6 14. Bb5 Rc8 15. e5 Nd7 16. f4 a6 17. Be2 b5 18. Bh5 Nd8 19. Bxf7+ Ke7 20. Bxg8 1-0


[Site "https://www.chess.com"]

[Event "Titled Tuesday Blitz November 15 Late 2022"]
[White "Melikhov, Evgeny V."]
[Black "Kumala, Aleksander"]
[WhiteFideId "4122046"]
[BlackFideId "1141880"]
[WhiteElo "2169"]
[BlackElo "2269"]
[Result "1/2-1/2"]
[Round "10"]
[TimeControl "180+1"]
[Date "2022.11.16"]
[WhiteClock "0:02:09"]
[BlackClock "0:02:01"]

1. d4 Nf6 2. c4 e5 3. dxe5 Ng4 4. Bf4 Bb4+ 5. Nd2 Nc6 6. Nf3 Qe7 7. e3 Ngxe5 8. Nxe5 Nxe5 9. Be2 d6 10. O-O a5 11. Nb1 a4 12. a3 Bc5 13. Nc3 Bd7 14. Nd5 Qd8 15. b4 axb3 16. Qxb3 Bc6 17. Qb2 O-O 18. Bxe5 dxe5 19. Qxe5 Rxa3 20. Rxa3 Bxa3 21. Qxc7 Bxd5 22. Qxd8 Rxd8 23. cxd5 Rxd5 24. Rd1 Rxd1+ 25. Bxd1 Bc5 1/2-1/2


[Site "https://www.chess.com"]

[Event "Titled Tuesday Blitz November 15 Late 2022"]
[White "Mgeladze, Tamaz"]
[Black "Poliakova, Varvara"]
[WhiteFideId "13601202"]
[BlackFideId "13518313"]
[WhiteElo "2288"]
[BlackElo "2099"]
[Result "1-0"]
[Round "10"]
[TimeControl "180+1"]
[Date "2022.11.16"]
[WhiteClock "0:00:32"]
[BlackClock "0:00:10"]

1. c4 e5 2. g3 d6 3. Bg2 g6 4. Nc3 f5 5. d3 Bg7 6. Nf3 Nf6 7. O-O O-O 8. Rb1 a5 9. a3 Nc6 10. b4 axb4 11. axb4 h6 12. b5 Ne7 13. Bb2 g5 14. Ra1 Rb8 15. Qb3 Be6 16. Ra7 b6 17. Rfa1 f4 18. Nd2 fxg3 19. hxg3 Nf5 20. Nce4 Ng4 21. Bf3 h5 22. Bxg4 hxg4 23. Kg2 Nh4+ 24. gxh4 gxh4 25. Rg1 h3+ 26. Kf1 h2 27. Rh1 Qh4 28. Rxc7 Qh3+ 29. Ke1 Qg2 30. Rxh2 Qxh2 31. Nf1 Qh1 32. Qb4 Rbd8 33. Nxd6 Qg2 34. Ne4 Rf7 35. Rxf7 Bxf7 36. Qe7 Rf8 37. Qg5 Kh7 38. Bxe5 Bxe5 39. Qxe5 Bg6 40. Qe7+ Rf7 41. Ng5+ Kg7 42. Nxf7 Bxf7 43. Qe5+ Kg8 44. Qg3 Qa8 45. Qxg4+ Kf8 46. Qd4 Qa5+ 47. Nd2 Qa2 48. f3 Qc2 49. Qh8+ Ke7 50. Qe5+ Be6 51. Qg5+ Kd7 52. Kf2 Qc1 53. Ne4 Qh1 54. Qg7+ Kd8 55. Qg2 Qh4+ 56. Qg3 Qh1 57. Qd6+ Bd7 58. Qxb6+ Ke8 59. Qg6+ Kd8 60. Qg5+ Kc8 61. Qg8+ Kc7 62. Qg3+ Kd8 63. b6 Qb1 64. Qc7+ Ke7 65. b7 Qh1 66. b8=Q 1-0


[Site "https://www.chess.com"]

[Event "Titled Tuesday Blitz November 15 Late 2022"]
[White "Mickiewicz, Piotr"]
[Black "Toncheva, Nadya"]
[WhiteFideId "1114891"]
[BlackFideId "2924056"]
[WhiteElo "2246"]
[BlackElo "2101"]
[Result "1-0"]
[Round "10"]
[TimeControl "180+1"]
[Date "2022.11.16"]
[WhiteClock "0:00:11"]
[BlackClock "0:00:02"]

1. Nf3 c5 2. g3 Nc6 3. Bg2 g6 4. d3 Bg7 5. O-O e5 6. c3 Nge7 7. a3 O-O 8. b4 cxb4 9. axb4 e4 10. dxe4 Nxb4 11. Qb3 Nbc6 12. Be3 d5 13. Rd1 Be6 14. Ng5 h6 15. Nxe6 fxe6 16. Qxb7 Rb8 17. Qa6 Qc7 18. Na3 dxe4 19. Bxe4 Nd5 20. Rxd5 exd5 21. Bxd5+ Kh7 22. Qxc6 Qe5 23. Bd4 Qxe2 24. Qd7 Rg8 25. Bxg8+ Rxg8 26. Nb5 Qb2 27. Re1 Kh8 28. Re7 Qb1+ 29. Kg2 Qc2 30. Rxg7 Qe4+ 31. Kf1 Qd3+ 32. Ke1 Qb1+ 33. Kd2 Qb2+ 34. Ke3 Qc1+ 35. Kd3 Qd1+ 36. Kc4 Qe2+ 37. Kc5 Qh5+ 38. Kb4 1-0


[Site "https://www.chess.com"]

[Event "Titled Tuesday Blitz November 15 Late 2022"]
[White "Mr_Penings"]
[Black "Har-Zvi, Ronen"]
[BlackFideId "2801485"]
[WhiteElo "2687"]
[BlackElo "2523"]
[Result "0-1"]
[Round "10"]
[TimeControl "180+1"]
[Date "2022.11.15"]
[WhiteClock "0:00:02"]
[BlackClock "0:00:29"]

1. c4 c5 2. g3 Nc6 3. Bg2 g6 4. Nc3 Bg7 5. d3 e6 6. h4 h6 7. h5 g5 8. f4 gxf4 9. gxf4 Nge7 10. Nf3 Rg8 11. Rg1 Nf5 12. e3 Nh4 13. Nxh4 Qxh4+ 14. Kf1 Bxc3 15. bxc3 b6 16. Rh1 Qf6 17. Bd2 Bb7 18. e4 O-O-O 19. Qe1 Ne7 20. Qh4 Qg7 21. Rh2 f5 22. a4 fxe4 23. dxe4 d5 24. cxd5 exd5 25. e5 d4 26. Bxb7+ Kxb7 27. Qf2 dxc3 28. Bxc3 Nf5 29. Rh3 Ng3+ 30. Ke1 Qg4 31. Qg2+ Kb8 32. a5 Rd3 33. Bd2 b5 34. a6 Qd7 35. Rb1 b4 36. Kd1 Rd8 37. Rb2 Ne4 38. Qxe4 Rxd2+ 39. Kc1 Rd1+ 40. Kc2 Qa4+ 41. Rbb3 R8d2# 0-1


[Site "https://www.chess.com"]

[Event "Titled Tuesday Blitz November 15 Late 2022"]
[White "Nakamura, Hikaru"]
[Black "Ibarra Jerez, Jose Carlos"]
[WhiteFideId "2016192"]
[BlackFideId "2226332"]
[WhiteElo "2909"]
[BlackElo "2638"]
[Result "1-0"]
[Round "10"]
[TimeControl "180+1"]
[Date "2022.11.15"]
[WhiteClock "0:01:30"]
[BlackClock "0:00:34"]

1. b4 a5 2. b5 a4 3. c4 e5 4. Bb2 d6 5. d4 exd4 6. Qxd4 Nf6 7. Nf3 Be7 8. e4 O-O 9. Be2 Nbd7 10. O-O Nc5 11. Nc3 a3 12. Bc1 Nfd7 13. Nd5 Bf6 14. Nxf6+ Qxf6 15. Re1 Qxd4 16. Nxd4 Nxe4 17. Nc2 Nc3 18. Bf1 Ne5 19. Nxa3 Na4 20. f4 Ng4 21. Nc2 Nf6 22. Be3 Bf5 23. Nb4 Nc5 24. Bd4 Ra4 25. a3 Nb3 26. Bxf6 gxf6 27. Rad1 Rxa3 28. Re3 Rfa8 29. Nd5 Nc5 30. Rxa3 Rxa3 31. Ne7+ Kf8 32. Nxf5 Ne4 33. b6 cxb6 34. Nxd6 Nc5 35. Nf5 Ne6 36. g3 h5 37. Bg2 Kg8 38. Bxb7 Ra2 39. Bd5 Nc5 40. Re1 Nd3 41. Re8+ Kh7 42. Bxf7 Ra1+ 43. Kg2 Ra2+ 44. Kf3 Ne1+ 45. Rxe1 1-0


[Site "https://www.chess.com"]

[Event "Titled Tuesday Blitz November 15 Late 2022"]
[White "Nugumanov, Bakhtiyar"]
[Black "Bilan, Danila"]
[WhiteFideId "13701797"]
[BlackFideId "24161918"]
[WhiteElo "2287"]
[BlackElo "2173"]
[Result "0-1"]
[Round "10"]
[TimeControl "180+1"]
[Date "2022.11.16"]
[WhiteClock "0:00:04"]
[BlackClock "0:00:08"]

1. e4 c6 2. d4 d5 3. Nc3 dxe4 4. Nxe4 Bf5 5. Ng3 Bg6 6. h4 h6 7. Nf3 Nd7 8. Bd3 Bxd3 9. Qxd3 Qc7 10. Bd2 e6 11. O-O-O Bd6 12. Ne4 Ngf6 13. Nxd6+ Qxd6 14. Kb1 Qd5 15. Rhe1 O-O-O 16. c4 Qh5 17. Bf4 Qg4 18. Bg3 Nh5 19. Nh2 Qf5 20. Qxf5 exf5 21. Bd6 Rde8 22. Nf3 Nhf6 23. Ne5 Nxe5 24. Bxe5 Nh5 25. f3 f6 26. Bh2 g5 27. g4 Ng7 28. h5 Kd7 29. Kc2 f4 30. Bg1 f5 31. d5 Rxe1 32. Rxe1 cxd5 33. Bd4 Rg8 34. cxd5 fxg4 35. fxg4 b6 36. Kd3 Ne8 37. Re6 Rf8 38. Rxh6 f3 39. Rh7+ Kd6 40. Bf2 Kxd5 41. Rxa7 Nd6 42. h6 Ne4 43. Ke3 Nf6 44. Rb7 Nxg4+ 45. Kd2 Nxf2 46. h7 Ne4+ 47. Ke3 f2 48. Rf7 Rxf7 49. h8=Q f1=Q 50. Qd8+ Kc6 51. Qe8+ Kb7 52. Qxe4+ Kb8 53. Qe8+ Kb7 54. Qe4+ Ka7 55. Qa4+ Qa6 56. Qe8 Rb7 57. Qd8 Qa5 58. Qd4 Qc5 59. Qxc5 bxc5 0-1


[Site "https://www.chess.com"]

[Event "Titled Tuesday Blitz November 15 Late 2022"]
[White "Petrovic, Aleksa"]
[Black "Fernandez Hernandez, Gerardo"]
[WhiteFideId "967629"]
[BlackFideId "2207400"]
[WhiteElo "2224"]
[BlackElo "2253"]
[Result "1-0"]
[Round "10"]
[TimeControl "180+1"]
[Date "2022.11.16"]
[WhiteClock "0:00:58"]
[BlackClock "0:00:02"]

1. d4 Nf6 2. c4 c5 3. d5 b5 4. cxb5 a6 5. e3 d6 6. Nc3 g6 7. a4 Bg7 8. e4 O-O 9. Nf3 Bg4 10. h3 Bxf3 11. Qxf3 axb5 12. Bxb5 Na6 13. O-O Nb4 14. Qe2 Qb6 15. Kh2 Rfb8 16. f4 Ra7 17. Be3 Qc7 18. Bg1 Nd7 19. Kh1 Rba8 20. Bh2 Bd4 21. Rae1 f6 22. e5 dxe5 23. Bxd7 Qxd7 24. fxe5 Nxd5 25. exf6 Nxc3 26. f7+ Kg7 27. Be5+ Kf8 28. bxc3 Bxe5 29. Qxe5 e6 30. Qh8+ Ke7 31. f8=Q+ 1-0


[Site "https://www.chess.com"]

[Event "Titled Tuesday Blitz November 15 Late 2022"]
[White "Pino Perez, Lazaro"]
[Black "Sanchez, Robert"]
[WhiteFideId "3517055"]
[BlackFideId "2034360"]
[WhiteElo "2170"]
[BlackElo "2297"]
[Result "0-1"]
[Round "10"]
[TimeControl "180+1"]
[Date "2022.11.16"]
[WhiteClock "0:00:02"]
[BlackClock "0:00:04"]

1. d4 d5 2. Bf4 Bf5 3. e3 c6 4. c4 Qb6 5. Qb3 e6 6. c5 Qa5+ 7. Nc3 b6 8. a3 Nd7 9. Qb4 e5 10. Bg3 Qxb4 11. axb4 f6 12. Ba6 Rb8 13. b5 bxc5 14. bxc6 cxd4 15. cxd7+ Bxd7 16. exd4 Rxb2 17. Nge2 Bb4 18. O-O exd4 19. Nxd5 Bc5 20. Rfd1 Bg4 21. Kf1 Ne7 22. Nc7+ Kf7 23. Bc4+ Kg6 24. f3 Bd7 25. Nf4+ Kh6 26. Nce6 Bb6 27. Nxd4 Nf5 28. Nxf5+ Bxf5 29. Nd5 Bc5 30. Bf4+ g5 31. Be3 Bd6 32. Nxf6 Bxh2 33. Rd5 Be6 34. Rxg5 Bxc4+ 35. Ke1 Re2+ 36. Kd1 Rxe3 37. Rg4 Rd8+ 38. Kc2 Be6 39. Rh4+ Kg6 40. Rxh2 Kxf6 41. Rh6+ Kg7 0-1


[Site "https://www.chess.com"]

[Event "Titled Tuesday Blitz November 15 Late 2022"]
[White "Prydun, Andriy"]
[Black "Tan, Ralph"]
[WhiteFideId "14145898"]
[BlackFideId "30966590"]
[WhiteElo "2163"]
[BlackElo "2059"]
[Result "1/2-1/2"]
[Round "10"]
[TimeControl "180+1"]
[Date "2022.11.16"]
[WhiteClock "0:00:08"]
[BlackClock "0:00:14"]

1. d4 Nf6 2. c4 g6 3. Nc3 Bg7 4. g3 O-O 5. Nf3 d5 6. Bg2 c5 7. O-O cxd4 8. Nxd4 e5 9. Ndb5 d4 10. Nd5 Nxd5 11. cxd5 a6 12. Na3 Nd7 13. e4 b5 14. Bd2 Bb7 15. Nc2 Rc8 16. Ne1 Qb6 17. Nd3 a5 18. f4 b4 19. f5 Ba6 20. Bg5 f6 21. Bc1 Nc5 22. Nf2 gxf5 23. exf5 b3 24. Re1 bxa2 25. Rxa2 Nb3 26. Bd2 Bc4 27. Ra3 Rfd8 28. h4 Nxd2 29. Qxd2 Bxd5 30. Rxa5 Bxg2 31. Kxg2 Bh6 32. Qxh6 Qxa5 33. Ng4 Qxe1 34. Nxf6+ Kf7 35. Qxh7+ Kxf6 36. Qg6+ Ke7 37. Qe6+ Kf8 38. Qf6+ Ke8 39. Qe6+ Kf8 40. Qf6+ Kg8 41. Qg6+ Kf8 42. Qf6+ 1/2-1/2


[Site "https://www.chess.com"]

[Event "Titled Tuesday Blitz November 15 Late 2022"]
[White "Radovanovic, Dusan"]
[Black "Sohal, Tanraj"]
[WhiteFideId "926868"]
[BlackFideId "2608499"]
[WhiteElo "2341"]
[BlackElo "2200"]
[Result "1/2-1/2"]
[Round "10"]
[TimeControl "180+1"]
[Date "2022.11.16"]
[WhiteClock "0:00:06"]
[BlackClock "0:00:05"]

1. e4 c5 2. Nf3 Nf6 3. e5 Nd5 4. Nc3 Nxc3 5. bxc3 d5 6. exd6 exd6 7. d4 Qc7 8. d5 Be7 9. Bd3 O-O 10. O-O Nd7 11. c4 Bf6 12. Rb1 Nb6 13. h3 Bd7 14. Bf4 Rae8 15. Qd2 g6 16. Bh6 Bg7 17. Bxg7 Kxg7 18. Qc3+ Kg8 19. Ng5 Qd8 20. Ne4 Rxe4 21. Bxe4 Qg5 22. f4 Qh4 23. Kh2 Re8 24. Rbe1 Qh6 25. f5 Na4 26. Qg3 Re5 27. Bd3 Nb2 28. Rxe5 dxe5 29. Qxe5 Nxd3 30. cxd3 Bxf5 31. Qe8+ Kg7 32. d6 Qd2 33. d7 Bxh3 34. Qe5+ Kh6 35. Qf4+ Qxf4+ 36. Rxf4 Bxd7 37. Rxf7 Bc6 38. Kg3 a6 39. a3 g5 40. Kf2 Kg6 41. Rc7 h5 42. g3 h4 43. gxh4 gxh4 44. Kg1 Kg5 45. Kh2 Kf4 46. Re7 Kf3 47. Kh3 b5 48. Rc7 Be8 49. Rxc5 Ke3 50. cxb5 Bxb5 51. Rd5 Bxd3 52. Kxh4 Bc4 53. Rd6 Ke4 54. Kg5 Ke5 55. Rd2 Bd5 56. Rb2 Kd6 57. Rb6+ Kc5 58. Rxa6 Bc4 59. Ra8 Bd5 60. Kf5 Bxa8 61. Ke5 Kb6 62. Kd4 Ka5 63. a4 Kxa4 1/2-1/2


[Site "https://www.chess.com"]

[Event "Titled Tuesday Blitz November 15 Late 2022"]
[White "Rangel, Daniel"]
[Black "Chirilov, James A"]
[WhiteFideId "2124475"]
[BlackFideId "30976677"]
[WhiteElo "2225"]
[BlackElo "1790"]
[Result "0-1"]
[Round "10"]
[TimeControl "180+1"]
[Date "2022.11.16"]
[WhiteClock "0:00:04"]
[BlackClock "0:00:14"]

1. d4 Nf6 2. c4 g6 3. Nc3 Bg7 4. e4 d6 5. Nf3 O-O 6. Be2 e5 7. O-O h6 8. d5 Nbd7 9. Ne1 a5 10. Nd3 b6 11. Be3 Re8 12. b3 Nc5 13. f3 Nxd3 14. Qxd3 Nd7 15. Qd2 Kh7 16. a3 Nc5 17. Qc2 Bd7 18. b4 axb4 19. axb4 Na6 20. Qb3 f5 21. c5 f4 22. Bf2 Bc8 23. c6 Bf6 24. Qb2 g5 25. b5 h5 26. bxa6 g4 27. a7 Rg8 28. fxg4 hxg4 29. Nb5 f3 30. Bd3 fxg2 31. Rfe1 Rg7 32. Re2 Bg5 33. Nxc7 Qxc7 34. Bxb6 Qf7 35. Rxg2 Bf4 36. Rf1 Qh5 37. Qf2 Qh3 38. Be3 Bxe3 39. Rg3 Bxf2+ 40. Rxf2 Qh4 41. Bf1 Raxa7 42. Kg2 Raf7 43. Rxf7 Rxf7 44. Be2 Rf4 45. Bd3 Qf6 46. h3 Rf2+ 47. Kg1 Qf4 48. Rxg4 Qh2# 0-1


[Site "https://www.chess.com"]

[Event "Titled Tuesday Blitz November 15 Late 2022"]
[White "Reprintsev, Alexander"]
[Black "Melian, Juan Sebastian"]
[WhiteFideId "14100541"]
[BlackFideId "3706575"]
[WhiteElo "2230"]
[BlackElo "2044"]
[Result "0-1"]
[Round "10"]
[TimeControl "180+1"]
[Date "2022.11.16"]
[WhiteClock "0:00:06"]
[BlackClock "0:00:06"]

1. e4 c6 2. Nc3 d5 3. Nf3 dxe4 4. Nxe4 Nf6 5. Qe2 Nxe4 6. Qxe4 Nd7 7. Bc4 Nf6 8. Ne5 e6 9. Qe2 Qc7 10. d4 b5 11. Bb3 Bb7 12. O-O a6 13. Bf4 Bd6 14. Bg3 O-O 15. Rad1 Rad8 16. c4 bxc4 17. Bxc4 a5 18. Rfe1 Nd5 19. a3 c5 20. Ba2 cxd4 21. Rxd4 Rfe8 22. Ng4 Bxg3 23. hxg3 Qb6 24. Red1 Rc8 25. Ne3 Nf6 26. f3 Rc5 27. g4 h6 28. Kh2 Re5 29. Qf2 Qc7 30. g3 Qb6 31. R1d2 Rc5 32. Nc4 Qc6 33. R2d3 e5 34. Rd6 Qc7 35. Ne3 e4 36. Rxf6 gxf6 37. fxe4 Bxe4 38. Rd2 Kg7 39. Ng2 Bxg2 40. Qxg2 Qe5 41. Rf2 Re7 42. Qf3 Qd4 43. Kh3 Rg5 44. Bb1 Re3 45. Qf4 Qxf4 46. Rxf4 Re2 47. b4 axb4 48. axb4 Rb2 49. Bf5 h5 50. Rc4 hxg4+ 51. Bxg4 f5 52. Bf3 Rb3 53. Rf4 Kf6 54. Kg2 Ke5 55. Kf2 Rb2+ 56. Be2 Rb3 57. Bf3 Rg8 58. Rc4 Rb8 59. Rc5+ Kf6 60. Rc6+ Kg5 61. Rc7 R8xb4 62. Rxf7 Rb2+ 63. Be2 Re4 64. Kf3 Rexe2 65. Rg7+ Kf6 66. Rb7 Rf2+ 67. Ke3 Rbe2+ 68. Kd3 Rb2 69. Ra7 Rb3+ 70. Kc4 Rxg3 71. Ra6+ Kg5 0-1


[Site "https://www.chess.com"]

[Event "Titled Tuesday Blitz November 15 Late 2022"]
[White "Rodriguez Fontecha, Marcos"]
[Black "Urbina Quiroz, Edwin"]
[WhiteFideId "2256576"]
[BlackFideId "6500650"]
[WhiteElo "2263"]
[BlackElo "2152"]
[Result "0-1"]
[Round "10"]
[TimeControl "180+1"]
[Date "2022.11.16"]
[WhiteClock "0:00:31"]
[BlackClock "0:00:10"]

1. e4 e5 2. Nf3 Nc6 3. d4 exd4 4. Bc4 Nf6 5. O-O Nxe4 6. Re1 d5 7. Bxd5 Qxd5 8. Nc3 Qh5 9. Nxe4 Be6 10. Bg5 Bd6 11. Nxd6+ cxd6 12. Bf4 Qd5 13. c3 Kd7 14. cxd4 h6 15. Bg3 Bg4 16. Re3 Rhe8 17. Rd3 Re4 18. h3 Bxf3 19. Qxf3 Rae8 20. Rad1 Re1+ 21. Kh2 Qxf3 22. gxf3 Rxd1 23. Rxd1 Re2 24. d5 Ne5 25. Rb1 Nd3 26. Kg2 Rxb2 27. Rd1 Nc5 28. Rd4 Rxa2 29. Rf4 f6 30. Rg4 g5 31. h4 Ra4 32. f4 Rd4 33. Kh3 h5 34. Rxg5 fxg5 35. hxg5 Nd3 36. f5 Rg4 37. g6 Ke7 38. f3 Rxg3+ 39. Kxg3 Kf6 40. Kh4 Nf4 41. Kg3 Nxg6 0-1


[Site "https://www.chess.com"]

[Event "Titled Tuesday Blitz November 15 Late 2022"]
[White "Rodriguez Santiago, Jaime"]
[Black "Romero Ruscalleda, Josep"]
[WhiteFideId "3100898"]
[BlackFideId "2231859"]
[WhiteElo "2025"]
[BlackElo "2183"]
[Result "1-0"]
[Round "10"]
[TimeControl "180+1"]
[Date "2022.11.16"]
[WhiteClock "0:00:47"]
[BlackClock "0:01:28"]

1. c4 g6 2. Nc3 Bg7 3. g3 d6 4. Bg2 e5 5. e4 c5 6. Nge2 Nc6 7. O-O Nge7 8. d3 O-O 9. a3 f5 10. Rb1 Nd4 11. Nxd4 exd4 12. Ne2 fxe4 13. Bxe4 Bh3 14. Re1 Nc6 15. b4 Qf6 16. f4 Be6 17. bxc5 dxc5 18. Rxb7 Rac8 19. Kh1 Bg4 20. Qa4 Ne5 21. Ng1 g5 22. fxe5 Qf2 23. Qxa7 Bxe5 24. Bd5+ Rf7 25. Rxf7 Qxe1 26. Rxh7+ Kf8 27. Qf7# 1-0


[Site "https://www.chess.com"]

[Event "Titled Tuesday Blitz November 15 Late 2022"]
[White "Sailer, Mike"]
[Black "Zhou, Qiyu"]
[WhiteFideId "2012901"]
[BlackFideId "505161"]
[WhiteElo "2109"]
[BlackElo "2101"]
[Result "1-0"]
[Round "10"]
[TimeControl "180+1"]
[Date "2022.11.16"]
[WhiteClock "0:00:27"]
[BlackClock "0:00:18"]

1. Nf3 b5 2. g3 Bb7 3. Bg2 Nf6 4. b3 g6 5. Bb2 Bg7 6. a4 a6 7. O-O O-O 8. d3 d6 9. e4 Nbd7 10. Nbd2 e5 11. Re1 c5 12. c3 h5 13. Nf1 Rc8 14. h4 Ng4 15. Ng5 Bf6 16. Qd2 Kg7 17. Bh3 Re8 18. axb5 axb5 19. Ra7 Qb6 20. Rea1 Ra8 21. Rxa8 Rxa8 22. Rxa8 Bxa8 23. Bxg4 hxg4 24. Ne3 Nf8 25. Nxg4 Bd8 26. Nf3 Qa7 27. Qh6+ Kg8 28. Ng5 Bxg5 29. hxg5 Nh7 30. Nf6+ Nxf6 31. gxf6 1-0


[Site "https://www.chess.com"]

[Event "Titled Tuesday Blitz November 15 Late 2022"]
[White "Santos Flores, Alberto"]
[Black "He, Samuel"]
[WhiteFideId "3601234"]
[BlackFideId "2087235"]
[WhiteElo "2235"]
[BlackElo "2609"]
[Result "1/2-1/2"]
[Round "10"]
[TimeControl "180+1"]
[Date "2022.11.16"]
[WhiteClock "0:00:22"]
[BlackClock "0:00:13"]

1. d4 Nf6 2. Nf3 e6 3. c4 d5 4. Nc3 Ne4 5. e3 c6 6. Bd3 f5 7. O-O Bd6 8. Ne5 O-O 9. f3 Nxc3 10. bxc3 Nd7 11. f4 Nf6 12. a4 c5 13. Ba3 b6 14. cxd5 exd5 15. a5 Be6 16. axb6 axb6 17. Qc2 Ne4 18. Bxe4 dxe4 19. c4 cxd4 20. Bxd6 Qxd6 21. Rxa8 Rxa8 22. exd4 Qxd4+ 23. Kh1 Ra1 24. Qe2 e3 25. h3 Rxf1+ 26. Qxf1 Qd2 27. Qa1 h6 28. Qa8+ Kh7 29. Qe8 e2 30. Qg6+ Kh8 31. Qe8+ Bg8 32. Ng6+ Kh7 33. Nf8+ Kh8 34. Ng6+ Kh7 35. Nf8+ Kh8 36. Ng6+ 1/2-1/2


[Site "https://www.chess.com"]

[Event "Titled Tuesday Blitz November 15 Late 2022"]
[White "Sargsyan, Anna M."]
[Black "Winterberg, Lukas"]
[WhiteFideId "13308130"]
[BlackFideId "24622702"]
[WhiteElo "2284"]
[BlackElo "2349"]
[Result "1-0"]
[Round "10"]
[TimeControl "180+1"]
[Date "2022.11.16"]
[WhiteClock "0:00:42"]
[BlackClock "0:00:20"]

1. d4 Nf6 2. c4 c5 3. Nf3 cxd4 4. Nxd4 e6 5. g3 d5 6. cxd5 Qxd5 7. f3 Nc6 8. Nxc6 Qxd1+ 9. Kxd1 bxc6 10. Nc3 e5 11. e4 Be6 12. Kc2 Bc5 13. Ba6 O-O 14. Rd1 Bd4 15. Bb7 Rab8 16. Bxc6 Rfc8 17. Ba4 Nd7 18. Bxd7 Bxd7 19. Bd2 Rc7 20. Rac1 h6 21. b3 Rbc8 22. Kd3 f5 23. Rc2 fxe4+ 24. fxe4 Bg4 25. Rdc1 Bxc3 26. Bxc3 Bf3 27. Ke3 Bg4 28. Kd3 Bf3 29. Rf2 Bxe4+ 30. Kxe4 Rxc3 31. Rxc3 Rxc3 32. Kxe5 a5 33. Kd4 Rc7 34. Rf5 a4 35. bxa4 Rc2 36. a5 Rxa2 37. h4 Ra4+ 38. Kc3 Ra3+ 39. Kb4 Rxg3 40. a6 Rg1 41. a7 Rb1+ 42. Kc5 Ra1 43. Kb6 Rxa7 44. Kxa7 g6 45. Rf1 Kg7 46. Kb6 g5 47. hxg5 hxg5 48. Kc5 Kg6 49. Kd4 Kh5 50. Ke3 Kh4 51. Kf2 g4 52. Kg2 1-0


[Site "https://www.chess.com"]